 Dungeon Crawl Stone Soup version 0.28.0-53-g5a82cb258f (webtiles) character file.

Game seed: 7059368152080813517

1185 styxcanada the Covert (level 8, -4/40 HPs)
             Began as a Spriggan Brigand on July 11, 2022.
             Slain by Grinder (8 damage)
             ... on level 4 of the Dungeon.
             The game lasted 00:20:09 (4494 turns).

styxcanada the Covert (Spriggan Brigand)            Turns: 4494, Time: 00:20:09

Health: -4/40      AC: 11    Str: 13    XL:     8   Next: 19%
Magic:  0/9        EV: 20    Int: 12    God:
Gold:   68         SH:  0    Dex: 19    Spells: 7/7 levels left

rFire   + . .      SeeInvis +   a - +2 dagger (protect)
rCold   + . .      Faith    .   (no shield)
rNeg    . . .      Spirit   +   b - +0 robe
rPois   +          Reflect  .   (helmet restricted)
rElec   +          Harm     .   c - +1 cloak
rCorr   +          Rampage  .   (gloves unavailable)
Will    +....                   (boots unavailable)
Stlth   +++++.....              p - amulet of guardian spirit
HPRegen 0.13/turn               l - +6 ring of strength
MPRegen 0.11/turn               i - ring of resist corrosion

@: resistant, under a protective aura, very quick
A: very small, no large weapons, unfitting armour, see invisible, speed 3
a: no special abilities


You were on level 4 of the Dungeon.
You visited 1 branch of the dungeon, and saw 4 of its levels.

You collected 68 gold pieces.

Inventory:

Hand Weapons
 a - a +2 dagger of protection (weapon)
 o - a +0 dagger of flaming
 s - a +4 quarterstaff of chaos
Missiles
 d - 7 poisoned darts (quivered)
 e - a throwing net
 f - 127 stones
 n - 3 curare-tipped darts
 q - 5 boomerangs
Armour
 b - a +0 robe (worn)
 c - a +1 cloak (worn)
Jewellery
 i - a ring of resist corrosion (right hand)
 l - a +6 ring of strength (left hand)
 p - an amulet of guardian spirit (around neck)
Wands
 t - a wand of polymorph (2)
Scrolls
 u - a scroll of enchant armour
 v - a scroll of teleportation {unknown}
Potions
 j - a potion of ambrosia {unknown}
 k - a potion of mutation {unknown}
 m - a potion of berserk rage {unknown}
 r - a potion of degeneration {unknown}


   Skills:
 * Level 3.3 Fighting
 + Level 3.8 Short Blades
 + Level 5.2 Throwing
 * Level 5.4 Dodging
 * Level 10.5 Stealth


You had 7 spell levels left.
You didn't know any spells.
Your spell library contained the following spells:

 Spells                   Type           Power      Damage    Failure   Level
 Animate Skeleton         Necr           0%         N/A       32%         1
 Pain                     Necr           0%         1d4       32%         1
 Vampiric Draining        Necr           0%         2d6       69%         3
 Malign Gateway           Summ/Tloc      0%         N/A       100%        7
 Summon Horrible Things   Summ           0%         N/A       100%        8


Dungeon Overview and Level Annotations

Branches:
Dungeon (4/15)
 Temple: D:4-7

Altars:
Nemelex Xobeh

Annotations:
D:4 3 runed translucent doors, Grinder; turdburglar's ghost, amateur GnMo


Innate Abilities, Weirdness & Mutations

You are very small and have problems with some larger weapons.
You are too small for most types of armour.
You have supernaturally acute eyesight. (SInv)
You cover ground extremely quickly. (Speed+++)


Message History

Grinder is severely wounded.
Grinder hits you.
You writhe in agony.
You closely miss Grinder.
Grinder is severely wounded.
Grinder closely misses you.
You hit Grinder.
Grinder is severely wounded.
You barely miss Grinder.
Grinder is severely wounded.
Grinder gestures at you. You resist with almost no effort.
You hit Grinder.
Grinder is severely wounded.
Grinder hits you!
* * * LOW HITPOINT WARNING * * *
You writhe in agony.
* * * LOW HITPOINT WARNING * * *
You hit Grinder.
Grinder is almost dead.
Grinder looks more healthy.
Grinder misses you.
You closely miss Grinder.
Grinder is almost dead.
Grinder says, "DUCK!"
Grinder hits you but does no damage.
You closely miss Grinder.
Grinder is almost dead.
You hit Grinder but do no damage.
Grinder is almost dead.
Grinder barely misses you.
You hit Grinder.
Grinder is almost dead.
Grinder hits you.
* * * LOW HITPOINT WARNING * * *
You barely miss Grinder.
Grinder is almost dead.
Grinder misses you.
You barely miss Grinder.
Grinder is almost dead.
Grinder hits you!
You die...

### ## ##.## #..# #...##
#...#
#....#################....
#.#..####...###@..####..# #
#.#..###....###5...###..# #
#.#..###....###....###..#.#
###
#.#..##..#...#...#..##..#...
..
#.##..#..##.....##..#..###.#
# #.###....###.(.###....##
#.# ## #.#
##...###(..###...## #.####.
#.# #######...#######
#.##... #.# ####### ##
#....##


You could see Grinder.

Vanquished Creatures
  Pikel (D:4)
  Sigmund (D:3)
  A necrophage (D:3)
  A water moccasin skeleton (D:4)
  2 orc priests
  A hound (D:2)
  Crazy Yiuf (D:3)
  Terence (D:3)
  Natasha (thrice) (D:4)
  An orc wizard (D:4)
  Robin (D:3)
  7 gnolls
  3 adders (D:3)
  3 adder skeletons
  A dart slug (D:3)
  6 orcs
  7 ball pythons
  5 endoplasms
  3 giant cockroaches
  12 goblins
  6 hobgoblins
  6 jackals
  4 kobolds
  2 quokkas
  3 bats (D:1)
  4 rats (D:2)
86 creatures vanquished.

Notes
Turn   | Place    | Note
-------+----------+-------------------------------------------
     0 | D:1      | styxcanada the Spriggan Brigand began the quest for the
                  | Orb.
     0 | D:1      | Reached XP level 1. HP: 10/10 MP: 2/2
    50 | D:1      | Reached skill level 6 in Stealth
    89 | D:1      | Found a faded altar of an unknown god.
   141 | D:1      | Reached XP level 2. HP: 6/15 MP: 3/3
  1014 | D:2      | Reached XP level 3. HP: 8/18 MP: 4/4
  1284 | D:2      | Reached skill level 7 in Stealth
  1381 | D:2      | Reached XP level 4. HP: 6/23 MP: 5/5
  2020 | D:3      | Noticed Robin
  2284 | D:3      | Reached XP level 5. HP: 24/26 MP: 6/6
  2427 | D:3      | Killed Robin
  2635 | D:3      | Noticed Terence
  2667 | D:3      | Killed Terence
  2668 | D:3      | Reached skill level 8 in Stealth
  2858 | D:3      | Noticed a necrophage
  2860 | D:3      | Killed a necrophage
  2861 | D:3      | Reached XP level 6. HP: 31/31 MP: 7/7
  2980 | D:3      | Found a sparkling altar of Nemelex Xobeh.
  2986 | D:3      | Noticed Sigmund
  3292 | D:3      | Killed Sigmund
  3540 | D:3      | Found a runed translucent door.
  3541 | D:3      | Noticed Crazy Yiuf
  3569 | D:3      | Killed Crazy Yiuf
  3570 | D:3      | Reached skill level 9 in Stealth
  3570 | D:3      | Reached XP level 7. HP: 35/35 MP: 8/8
  3729 | D:4      | Found a runed translucent gate.
  3729 | D:4      | Found a runed translucent gate.
  3729 | D:4      | Found a runed translucent gate.
  3754 | D:4      | Noticed turdburglar's ghost (amateur GnMo)
  3804 | D:4      | Noticed Natasha
  3810 | D:4      | Noticed Pikel
  3823 | D:4      | Killed Natasha
  3896 | D:4      | Noticed Natasha
  3906 | D:4      | Killed Pikel
  3907 | D:4      | Reached skill level 5 in Dodging
  3907 | D:4      | Reached skill level 10 in Stealth
  3907 | D:4      | Reached XP level 8. HP: 33/40 MP: 9/9
  3946 | D:4      | Killed Natasha
  3975 | D:4      | Noticed Natasha
  3988 | D:4      | Killed Natasha
  3989 | D:4      | Reached skill level 5 in Throwing
  4405 | D:4      | Noticed Grinder
  4494 | D:4      | Slain by Grinder

Illustrated notes

Levels and vault maps discovered:
D:1:      sevenhm_arrival_forest_fort_small_6, layout_basic,
          ebering_ecumenical_altar_mist, minivault_24, nrook_campfire
D:2:      layout_rooms
D:3:      layout_basic, general_overflow_altar, uniq_crazy_yiuf_cottage,
          uniq_sigmund, uniq_terence, uniq_robin
D:4:      layout_rooms, gammafunk_ghost_necromancy, minmay_misc_feat_doors,
          hangedman_glass_teeth, uniq_pikel, uniq_natasha, uniq_edmund,
          uniq_grinder

Skill      XL: |  1  2  3  4  5  6  7  8 |
---------------+-------------------------+-----
Stealth        | 6 7 8 9 10 | 10.5
Dodging        | 2 3 4 5 |  5.4
Fighting       | 2 3 |  3.3
Short Blades   | 3 |  3.8
Throwing       | 3 4 5 |  5.2

Action                   |  1- 3 |  4- 6 |  7- 9 || total
-------------------------+-------+-------+-------++-------
Melee: Dagger            |    91 |   111 |   105 ||   307
       Punch             |       |     1 |     1 ||     2
Throw: Dart              |    21 |    63 |    36 ||   120
       Stone             |       |       |     2 ||     2
       Throwing net      |       |       |     1 ||     1
  Use: Scroll            |       |     3 |     2 ||     5
       Potion            |       |       |     2 ||     2
 Stab: Sleeping          |     6 |     8 |     2 ||    16
       Distracted        |       |     1 |       ||     1
Armor: Robe              |    13 |    27 |     8 ||    48
       Skin              |       |       |     1 ||     1
Dodge: Dodged            |    59 |    82 |    57 ||   198
